 Dungeon Crawl Stone Soup version 0.23.2-30-g0e89c35649 (webtiles) character file.

Game seed: 4061071607762615295

11703 Hivemind the Spear-Bearer (level 11, -5/86 HPs)
             Began as a Merfolk Skald on June 7, 2019.
             Was an Elder of Vehumet.
             Slain by a spiny frog (10 damage)
             ... on level 2 of the Lair of Beasts.
             The game lasted 01:51:13 (14557 turns).

Hivemind the Spear-Bearer (Merfolk Skald)          Turns: 14557, Time: 01:51:14

Health: -5/86      AC:  4    Str: 12    XL:     11   Next: 81%
Magic:  7/22       EV: 19    Int: 17    God:    Vehumet [****..]
Gold:   570        SH:  0    Dex: 16    Spells: 4/25 levels left

rFire    . . .     SeeInvis .   J - +0 trident (pierce)
rCold    . . .     Gourm    .   (no shield)
rNeg     . . .     Faith    .   M - +0 leather armour {MR+}
rPois    +         Spirit   .   s - +0 helmet
rElec    .         Reflect  .   N - +0 cloak
rCorr    .         Harm     .   L - +0 pair of gloves
MR       +....                  (no boots)
Stlth    +.........             (no amulet)
HPRegen  0.24/turn              h - +4 ring of intelligence
MPRegen  0.18/turn              m - ring of wizardry

@: lethally poisoned (-5 -> -6), infused
A: change form in water, swift swim, stealthy swim, deformed body, poison
resistance, wild magic 1
a: Renounce Religion


You were on level 2 of the Lair of Beasts.
You worshipped Vehumet.
Vehumet was greatly pleased with you.
You were hungry.

You visited 3 branches of the dungeon, and saw 12 of its levels.
You also visited: Sewer and Ossuary.

You collected 570 gold pieces.

Inventory:

Hand Weapons
 J - a +0 trident of piercing (weapon)
Missiles
 H - 11 tomahawks (quivered)
Armour
 s - a +0 helmet (worn)
 L - a +0 pair of gloves (worn)
 M - a +0 leather armour of magic resistance (worn)
 N - a +0 cloak (worn)
Magical Staves
 B - an uncursed staff of conjuration
Jewellery
 f - an uncursed ring of flight
 h - a +4 ring of intelligence (left hand)
 i - a +4 ring of protection
 l - an uncursed ring of fire
 m - a ring of wizardry (right hand)
 p - an uncursed ring of protection from fire
 F - an uncursed ring of positive energy
 K - an uncursed ring of magical power
Wands
 a - a wand of acid (7)
 r - a wand of iceblast (19)
 z - a wand of disintegration (18)
 I - a wand of flame (12)
Scrolls
 b - a scroll of enchant weapon {unknown}
 c - 2 scrolls of identify
 e - a scroll of holy word
 g - 6 scrolls of fear
 k - 6 scrolls of teleportation
 n - 6 scrolls of remove curse
 q - 3 scrolls of amnesia
 u - 2 scrolls of enchant armour
 v - 2 scrolls of magic mapping
 x - 2 scrolls of vulnerability
 y - a scroll of fog
 C - 3 scrolls of blinking
 G - a scroll of acquirement
 O - 2 scrolls of brand weapon
 Q - a scroll of noise {unknown}
Potions
 j - 5 potions of flight
 o - 3 potions of lignification
 t - 3 potions of curing
 w - a potion of agility
 A - 2 potions of might
 D - a potion of cancellation
 E - 2 potions of brilliance
Comestibles
 d - 20 rations
 P - 11 chunks of flesh


   Skills:
 + Level 7.8 Fighting
 * Level 13.7 Polearms
 - Level 0.6 Armour
 + Level 10.1 Dodging
 + Level 7.9 Spellcasting
 - Level 8.6 Charms
 + Level 3.8 Translocations


You had 4 spell levels left.
You knew the following spells:

 Your Spells              Type           Power        Failure   Level  Hunger
a - Infusion              Chrm           ####         1%          1    None
b - Spectral Weapon       Hex/Chrm       ####....     4%          3    #......
c - Regeneration          Chrm/Necr      ####......   4%          3    #......
d - Sting                 Conj/Pois      #...         2%          1    None
e - Throw Frost           Conj/Ice       #.....       3%          2    None
f - Blink                 Tloc           N/A          2%          2    None
g - Ignite Poison         Fire/Tmut/Pois #.......     6%          3    #......
h - Mephitic Cloud        Conj/Pois/Air  #.......     6%          3    #......
i - Dazzling Spray        Conj/Hex       #.....       6%          3    #......

Your spell library contained the following spells:

 Spells                   Type           Power        Failure   Level  Hunger
 Shroud of Golubria       Chrm/Tloc      #####.....   1%          2    None
 Song of Slaying          Chrm           #####...     1%          2    None
 Magic Dart               Conj           #...         2%          1    None
 Conjure Flame            Conj/Fire      #.......     6%          3    #......
 Inner Flame              Hex/Fire       #.......     6%          3    #......
 Corona                   Hex            #......      9%          1    None
 Portal Projectile        Hex/Tloc       ###...       11%         3    #......
 Call Imp                 Summ           #.......     12%         2    None
 Slow                     Hex            #.......     12%         2    None
 Cause Fear               Hex            #.........   52%         4    ###....
 Leda's Liquefaction      Hex/Erth       #.........   52%         4    ###....
 Conjure Ball Lightning   Conj/Air       #.........   86%         6    ######.
 Freezing Cloud           Conj/Ice/Air   #.........   86%         6    ######.


Dungeon Overview and Level Annotations

Branches:
Dungeon (8/15)             Temple (1/1) D:4            Lair (3/6) D:8
  Snake (0/4) Lair:3
  Swamp: Lair:2-4    Shoals: Lair:2-4

Altars:
Ashenzari
Cheibriados
Dithmenos
Elyvilon
Fedhas
Gozag
Hepliaklqana
Kikubaaqudgha
Makhleb
Nemelex Xobeh
Okawaru
Qazlal
Ru
Sif Muna
Trog
Uskayaw
Vehumet
Wu Jian
Xom
Yredelemnul
Zin
The Shining One

Shops:
D:7 [

Annotations:
D:6 3 runed translucent doors, exclusion: player ghost, Nattfarinn's ghost, novice MiFi


Innate Abilities, Weirdness & Mutations

You revert to your normal form in water You are very nimble and swift while swimming.
You are very stealthy in the water. (Stealth+)
Armour fits poorly on your strangely shaped body.
Your system is resistant to poisons. (rPois)
Your spells are a little harder to cast, but a little more powerful.


Message History

You feel sick.
The killer bee is engulfed in noxious fumes.
The killer bee appears confused.
There is a stone staircase leading up here.
Casting: Blink (safe; 2% risk of failure)
Confirm with . or Enter, or press ? or * to list all spells.
You blink.
The killer bee is engulfed in noxious fumes.
The killer bee appears confused.
The killer bee is engulfed in noxious fumes.
The killer bee appears confused.
There is a stone staircase leading down here.
You feel sick.
You climb downwards. 2 nagas come into view.
The naga shouts! x2
Found a staircase to the Snake Pit.
There is a stone staircase leading up here.
You climb upwards.
The spiny frog stings you!
You die...

# #####.†...#####.....# ##. ##
##...†....##....# ##.. .##
##.....#####.....## ##... ..###
#....††.# #.......# ###....
....####.....#####.....####......
.....####.............####.......
......#######.....#######........
.................................
................@..y.............
.................F...............
.................................
.................................
.................................
.......................<.........
.###.###..##...#..#..............
###.#####<#......................
.......##.#.......#......#.####..


You could see a spiny frog and a killer bee (confused).

Vanquished Creatures
  An ugly thing (D:7)
  An elephant (Lair:2)
  3 spiny frogs (Lair:2)
  A rime drake (Lair:2)
  A komodo dragon (Lair:2)
  Prince Ribbit (D:8)
  2 hippogriffs
  A spriggan (D:7)
  12 yaks
  A basilisk (Lair:2)
  A hungry ghost (D:7)
  3 water moccasins
  6 porcupines
  Purgy (Sewer)
  2 black bears
  2 ice beasts
  A phantom (D:8)
  3 orc warriors
  2 sky beasts
  4 centaurs
  7 ogres
  An eye of draining (D:8)
  5 wolves (Lair:2)
  5 crocodiles
  8 bullfrogs
  A water moccasin zombie (D:8)
  2 scorpions
  17 killer bees
  5 wights (D:8)
  2 electric eels (Lair:1)
  2 howler monkeys (D:8)
  6 crimson imps
  A bullfrog zombie (D:5)
  8 centaur zombies
  2 jellies
  A hound (D:6)
  2 bullfrog skeletons
  5 orc priests
  A centaur skeleton (D:5)
  3 orc wizards
  8 worker ants
  3 big kobold zombies (Ossuary)
  A hound skeleton (D:4)
  6 mummies
  4 gnolls (D:3)
  11 adders
  A river rat (Lair:2)
  A shadow imp (D:5)
  An adder zombie (D:6)
  6 worms
  2 dart slugs (D:3)
  7 leopard geckos
  31 orcs
  4 ball pythons
  13 bats
  4 giant cockroaches
  11 goblins
  9 hobgoblins
  13 jackals
  2 quokkas
  11 frilled lizards
  2 hobgoblin zombies (Ossuary)
  A jackal zombie (D:5)
  7 kobolds
  A quokka skeleton (D:8)
  7 rats
300 creatures vanquished.

Vanquished Creatures (others)
  14 fungi (D:8)
  3 plants (D:8)
  14 spectral weapons
31 creatures vanquished.

Grand Total: 331 creatures vanquished

Notes
Turn   | Place    | Note
-------+----------+-------------------------------------------
     0 | D:1      | Hivemind the Merfolk Skald began the quest for the Orb.
     0 | D:1      | Reached XP level 1. HP: 16/16 MP: 3/3
   246 | D:1      | Reached XP level 2. HP: 16/22 MP: 0/5
   857 | D:1      | Reached XP level 3. HP: 28/28 MP: 6/6
  1334 | D:2      | Found a hide-covered altar of Uskayaw.
  1339 | D:2      | Reached skill level 4 in Polearms
  1461 | D:2      | Reached XP level 4. HP: 29/34 MP: 2/7
  1814 | D:3      | Found a snail-covered altar of Cheibriados.
  2018 | D:3      | Reached XP level 5. HP: 32/39 MP: 0/8
  2316 | D:3      | Reached skill level 5 in Polearms
  2905 | D:3      | Learned a level 3 spell: Spectral Weapon
  2909 | D:3      | Learned a level 3 spell: Regeneration
  2922 | D:4      | Noticed an ogre
  2933 | D:4      | Killed an ogre
  2933 | D:4      | Reached skill level 5 in Dodging
  2933 | D:4      | Reached XP level 6. HP: 45/46 MP: 5/10
  2974 | D:4      | Found a sand-covered staircase.
  2990 | Ossuary  | Entered an ossuary
  3005 | Ossuary  | Reached skill level 6 in Polearms
  3178 | Ossuary  | HP: 1/46 [mummy (14)]
  3195 | Ossuary  | Reached XP level 7. HP: 37/51 MP: 1/11
  3260 | Ossuary  | Reached skill level 7 in Polearms
  3392 | D:4      | Found a glowing drain.
  3424 | Sewer    | Entered a sewer
  3558 | Sewer    | Noticed Purgy
  3587 | Sewer    | Killed Purgy
  3885 | D:4      | Reached skill level 5 in Charms
  3916 | D:4      | Found a staircase to the Ecumenical Temple.
  3928 | Temple   | Entered the Ecumenical Temple
  4091 | Temple   | Became a worshipper of Vehumet
  4171 | D:4      | Found an opulent altar of Gozag.
  4607 | D:4      | Reached skill level 8 in Polearms
  4631 | D:4      | Found a glowing silver altar of Zin.
  4631 | D:4      | Found a blossoming altar of Fedhas.
  4947 | D:4      | Found a stormy altar of Qazlal.
  4995 | D:5      | Entered Level 5 of the Dungeon
  5186 | D:5      | Reached XP level 8. HP: 16/57 MP: 7/14
  5812 | D:5      | Found a bloodstained altar of Trog.
  5899 | D:5      | Reached skill level 9 in Polearms
  6320 | D:6      | Reached skill level 5 in Spellcasting
  6323 | D:6      | Reached * piety under Vehumet
  6323 | D:6      | Offered knowledge of Sting by Vehumet.
  6330 | D:6      | Learned a level 1 spell: Sting
  6749 | D:6      | Found a runed translucent gate.
  6750 | D:6      | Found a runed translucent gate.
  6751 | D:6      | Found a runed translucent gate.
  6753 | D:6      | Noticed Nattfarinn's ghost (novice MiFi)
  6785 | D:6      | Reached XP level 9. HP: 64/64 MP: 10/16
  7259 | D:7      | Reached skill level 10 in Polearms
  7394 | D:7      | Offered knowledge of Throw Frost by Vehumet.
  7405 | D:7      | Learned a level 2 spell: Throw Frost
  7703 | D:6      | Reached ** piety under Vehumet
  7988 | D:7      | Found Rimaebb's Antique Armour Shoppe.
  8058 | D:7      | Identified Rejat's Handbook of the Aerial Blaze
  8281 | D:7      | Reached skill level 5 in Fighting
  8448 | D:7      | Found a deep blue altar of Sif Muna.
  8448 | D:7      | Found a burning altar of Makhleb.
  8449 | D:7      | Found an ancient bone altar of Kikubaaqudgha.
  8531 | D:7      | Offered knowledge of Throw Flame by Vehumet.
  8531 | D:7      | Reached XP level 10. HP: 68/74 MP: 8/19
  8989 | D:7      | Found a basalt altar of Yredelemnul.
  9154 | D:7      | Reached skill level 11 in Polearms
  9290 | D:7      | Identified a scroll of acquirement
  9537 | D:8      | Learned a level 2 spell: Blink
  9648 | D:8      | Noticed a brown ugly thing
  9679 | D:7      | Killed a brown ugly thing
  9679 | D:7      | Reached skill level 1 in Translocations
  9680 | D:7      | Reached *** piety under Vehumet
 10424 | D:8      | Offered knowledge of Ignite Poison by Vehumet.
 10429 | D:8      | Learned a level 3 spell: Ignite Poison
 10433 | D:8      | Learned a level 3 spell: Mephitic Cloud
 11102 | D:8      | Noticed Prince Ribbit
 11114 | D:8      | Killed Prince Ribbit
 11304 | D:8      | Found a staircase to the Lair.
 11565 | Lair:1   | Entered Level 1 of the Lair of Beasts
 11618 | Lair:1   | Reached skill level 12 in Polearms
 11902 | Lair:1   | Reached XP level 11. HP: 69/83 MP: 14/21
 12130 | Lair:1   | Gained mutation: Armour fits poorly on your strangely
                  | shaped body. [potion of mutation]
 12130 | Lair:1   | Gained mutation: Your system is resistant to poisons.
                  | (rPois) [potion of mutation]
 12130 | Lair:1   | Gained mutation: Your spells are a little harder to cast,
                  | but a little more powerful. [potion of mutation]
 13163 | Lair:2   | Reached **** piety under Vehumet
 13526 | Lair:2   | Offered knowledge of Dazzling Spray by Vehumet.
 13538 | Lair:1   | Learned a level 3 spell: Dazzling Spray
 13738 | Lair:2   | Reached skill level 13 in Polearms
 14486 | Lair:2   | Reached skill level 10 in Dodging
 14546 | Lair:2   | HP: 4/86 [killer bee (4)]
 14554 | Lair:2   | HP: 4/86 [poisoned by a killer bee]
 14555 | Lair:3   | Found a staircase to the Snake Pit.
 14557 | Lair:2   | Slain by a spiny frog

Skill      XL: |  1  2  3  4  5  6  7  8  9 10 11 |
---------------+----------------------------------+-----
Dodging        | 3 4 5 7 9 10 | 10.1
Polearms       | 4 5 6 8 9 10 12 13 | 13.7
Charms         | 4 5 6 7 8 |  8.6
Spellcasting   | 3 4 5 6 7 |  7.9
Fighting       | 3 5 6 7 |  7.8
Translocations | 2 3 |  3.8
Armour         | |  0.6

Action                   |  1- 3 |  4- 6 |  7- 9 | 10-12 || total
-------------------------+-------+-------+-------+-------++-------
Melee: Spear             |   125 |   268 |   485 |    28 ||   906
       Tailslap          |       |       |     3 |     3 ||     6
       Trident           |       |       |       |   384 ||   384
 Cast: Infusion          |    17 |    10 |    38 |    44 ||   109
       Spectral Weapon   |       |     8 |    36 |    39 ||    83
       Mephitic Cloud    |       |       |       |     5 ||     5
       Blink             |       |       |       |     3 ||     3
       Sting             |       |       |       |     2 ||     2
       Ignite Poison     |       |       |       |     2 ||     2
       Dazzling Spray    |       |       |       |     2 ||     2
       Regeneration      |       |       |       |     1 ||     1
Evoke: Wand              |       |     1 |       |     5 ||     6
  Use: Scroll            |       |    10 |    11 |    10 ||    31
       Potion            |       |     4 |     2 |     9 ||    15
 Stab: Sleeping          |     1 |       |       |       ||     1
       Distracted        |       |     1 |     6 |     7 ||    14
       Confused          |       |       |       |     3 ||     3
       Invisible         |       |       |       |     1 ||     1
  Eat: Chunk             |     2 |     5 |    15 |    14 ||    36
       Ration            |       |     1 |     1 |     2 ||     4
Armor: Leather armour    |    20 |    77 |    94 |    41 ||   232
Dodge: Dodged            |    65 |   153 |   218 |   168 ||   604
